 Dungeon Crawl Stone Soup version 0.21-a0-516-gaaff437 (webtiles) character file.

26 Nirn the Insei (level 2, 0/22 HPs)
             Began as a Demigod Transmuter on Dec 3, 2017.
             Slain by a goblin (2 damage)
             ... on level 1 of the Dungeon.
             The game lasted 00:04:24 (945 turns).

Nirn the Insei (Demigod Transmuter)                  Turns: 945, Time: 00:04:25

Health: 0/22       AC:  2    Str: 13    XL:     2   Next: 69%
Magic:  6/7        EV: 12    Int: 17    God:
Gold:   19         SH:  0    Dex: 16    Spells: 3/4 levels left

rFire    . . .     SeeInvis .     - Unarmed
rCold    . . .     Gourm    .   (no shield)
rNeg     . . .     Faith    .   b - +0 robe
rPois    .         Spirit   .   (no helmet)
rElec    .         Reflect  .   (no cloak)
rCorr    .         Harm     .   (no gloves)
MR       .....                  (no boots)
Stlth    +.........             (no amulet)
HPRegen  0.07/turn              (no ring)
MPRegen  0.10/turn              (no ring)

@: very slightly contaminated
A: high mp 1
a: no special abilities


You were on level 1 of the Dungeon.
You were not hungry.

You visited 1 branch of the dungeon, and saw 1 of its levels.

You collected 19 gold pieces.

Inventory:

Missiles
 a - 12 arrows
Armour
 b - a +0 robe (worn)
Jewellery
 e - an uncursed ring of protection from cold {unknown}
Scrolls
 h - a scroll of magic mapping {unknown}
 i - a scroll of teleportation {unknown}
 j - a scroll of remove curse {unknown}
Books
 c - a book of Changes

   Spells                             Type                      Level
   a - Beastly Appendage              Transmutation                1
   b - Sticks to Snakes               Transmutation                2
   c - Spider Form                    Transmutation/Poison         3
   d - Ice Form                       Ice/Transmutation            4
   e - Blade Hands                    Transmutation                5
Comestibles
 d - 2 bread rations
 f - a royal jelly
 g - a meat ration


   Skills:
 - Level 0.8 Fighting
 - Level 1.7 Dodging
 + Level 3.8 Unarmed Combat
 - Level 1.7 Spellcasting
 - Level 1.7 Transmutations


You had 3 spell levels left.
You knew the following spells:

 Your Spells              Type           Power        Failure   Level  Hunger
a - Beastly Appendage     Tmut           #.....       10%         1    #......


Dungeon Overview and Level Annotations

Branches:
Dungeon (1/15)


Innate Abilities, Weirdness & Mutations

You have an increased reservoir of magic. (+10% MP)


Message History

You are too injured to fight recklessly!
You barely miss the hobgoblin.
The hobgoblin hits you but does no damage.
You hit the hobgoblin.
The hobgoblin is almost dead.
The hobgoblin hits you with a club.
* * * LOW HITPOINT WARNING * * *
You closely miss the hobgoblin.
The hobgoblin is almost dead.
You barely miss the hobgoblin.
The hobgoblin is almost dead.
The hobgoblin hits you with a club.
* * * LOW HITPOINT WARNING * * *
You hit the hobgoblin but do no damage.
The hobgoblin is almost dead.
The hobgoblin hits you but does no damage.
You hit the hobgoblin.
You kill the hobgoblin!
The goblin hits you.
You die...

.. #. #.# #.# #.### ..
##>..## #. ##.....## #. #.##
#.......# ... #.#.# #..#
#.......# .... #...# #.#
#.......# . #..##...##
##@####.....##
##.#.....#..###.g..........#
<#.#......#.#...##.#.......#
.#............####.#.......#
##..........#....#.##.....##
#............###.#.###...##
.............# #.......###
.............# ##......#
..............# #......#


You could see a goblin.

Vanquished Creatures
  An ooze (D:1)
  2 dart slugs (D:1)
  A leopard gecko (D:1)
  2 giant cockroaches (D:1)
  4 hobgoblins (D:1)
  3 bats (D:1)
  3 rats (D:1)
16 creatures vanquished.

Notes
Turn   | Place    | Note
-------+----------+-------------------------------------------
     0 | D:1      | Nirn the Demigod Transmuter began the quest for the Orb.
     0 | D:1      | Reached XP level 1. HP: 15/15 MP: 5/5
   125 | D:1      | Reached skill level 3 in Unarmed Combat
   420 | D:1      | Reached XP level 2. HP: 8/22 MP: 5/7
   945 | D:1      | Slain by a goblin

Vault maps used:
D:1:      lightli_arrival_lavapool

Skill      XL: |  1 |
---------------+----+-----
Unarmed Combat | 3 |  3.8
Fighting       | |  0.8
Dodging        | |  1.7
Spellcasting   | |  1.7
Transmutations | |  1.7

Action                   || total
-------------------------++-------
Melee: Unarmed           ||    70
 Cast: Beastly Appendage ||     1
Armor: Robe              ||     9
Dodge: Dodged            ||    39

Table legend:
 A = Spawn XP
 B = Non-spawn XP
 C = Spawn XP percentage of total XP
 D = Spawn monster count
 E = Non-spawn monster count
 F = Spawn count percentage of total count
 G = Total turns spent on level
                    A         B        C        D         E        F      G
               +---------+---------+-------+---------+---------+-------+---------
         Total |       0 |      38 |   0.0 |       0 |      16 |   0.0 |   945
               +---------+---------+-------+---------+---------+-------+---------
           D:1 |       0 |      38 |   0.0 |       0 |      16 |   0.0 |   945
               +---------+---------+-------+---------+---------+-------+---------
